 Dungeon Crawl Stone Soup version 0.29.1-2-gbd0b4ee654 (webtiles) character file.

Game seed: 12776323138112632602

56 Sabo the Covered (level 3, -1/20 HPs)
             Began as a Gargoyle Fighter on Nov 23, 2022.
             Was a Follower of Hepliaklqana.
             Splashed by a jelly's acid (3 damage)
             ... on level 3 of the Dungeon.
             The game lasted 00:09:44 (2768 turns).

Sabo the Covered (Gargoyle Fighter)                 Turns: 2768, Time: 00:09:45

Health: -1/20      AC:  2    Str: 21    XL:     3   Next: 95%
Magic:  3/3        EV:  9    Int:  8    God:    Hepliaklqana [*.....]
Gold:   87         SH:  0    Dex: 15    Spells: 2/2 levels left

rFire   . . .      SeeInvis .   a - +0 war axe
rCold   . . .      Faith    .   o - orb {mayhem}
rNeg    + . .      Spirit   .   b - +0 scale mail
rPois   ∞          Reflect  .   (no helmet)
rElec   +          Harm     .   (no cloak)
rCorr   .          Rampage  .   (no gloves)
Will    .....                   (no boots)
Stlth   ..........              (no amulet)
HPRegen 0.06/turn               q - +6 ring of dexterity
MPRegen 0.08/turn               (no ring)

@: corroded
A: reduced essence, sickness immunity, AC +3, negative energy resistance 1,
electricity resistance, torment resistance 1, petrification resistance
a: Renounce Religion, Recall Ancestor, Ancestor Identity


You were on level 3 of the Dungeon.
You worshipped Hepliaklqana.
Hepliaklqana was aware of your devotion.
You visited 1 branch of the dungeon, and saw 3 of its levels.

You collected 87 gold pieces.

Inventory:

Hand Weapons
 a - a +0 war axe (weapon)
 m - the +2 rapier of the Glimmering Moth {spect, Int+9 Dex+2 Stlth-}
   (You found it on level 2 of the Dungeon)

   When its wielder attacks, the weapon's spirit leaps out and strikes again.
   The spirit shares a part of any damage it takes with its wielder.
   Int:       It affects your intelligence (+9).
   Dex:       It affects your dexterity (+2).
   Stlth:     It makes you less stealthy.
Armour
 b - a +0 scale mail (worn)
 c - a +0 buckler
 o - an orb of mayhem (worn)
Jewellery
 q - a +6 ring of dexterity (left hand)
Scrolls
 g - 3 scrolls of enchant armour
 l - 4 scrolls of enchant weapon
 n - a scroll of identify
 s - a scroll of butterflies {unknown}
Potions
 d - a potion of might
 e - a potion of mutation {unknown}
 f - a potion of ambrosia {unknown}
 h - a potion of heal wounds {unknown}
 i - a potion of attraction {unknown}
 j - 2 potions of brilliance {unknown}
 k - 2 potions of curing {unknown}
 p - a potion of magic {unknown}
 r - a potion of haste {unknown}


   Skills:
 + Level 3.6 Fighting
 + Level 2.8 Axes
 + Level 3.8 Armour
 + Level 0.3 Dodging
 + Level 3.4 Shields


You had 2 spell levels left.
You didn't know any spells.
Your spell library was empty.

Dungeon Overview and Level Annotations

Branches:
Dungeon (3/15)

Altars:
Hepliaklqana
Zin


Innate Abilities, Weirdness & Mutations

Your life essence is reduced to manifest your ancestor. (-10% HP)
You are immune to sickness and miasma.
Your stone body is resilient. (AC +3)
You are immune to poison.
You resist negative energy. (rN+)
You are resistant to electric shocks. (rElec)
You are resistant to unholy torment.
You are immune to petrification.


Message History

a +0 club; a goblin corpse
r - a fizzy black potion You start resting.
HP restored.
An endoplasm comes into view.
The endoplasm jiggles.
The endoplasm barely misses you.
You slash the endoplasm!
You kill the endoplasm!
Found a scroll labelled ODDEMA MONEPU.
Found 16 gold pieces.
You swap places.
s - a scroll labelled ODDEMA MONEPU You swap places.
You now have 87 gold pieces (gained 16).
You swap places.
You swap places.
An orc comes into view. It is wielding a +0 club.
The orc shouts!
You hear a shout!
A goblin comes into view. It is wielding a +0 dagger.
The orc barely misses you.
You hit the orc.
The orc is lightly wounded.
The orc barely misses you. The orc hits you but does no damage.
You slash the orc!
You kill the orc!
The goblin flies into a frenzy!
You hit the goblin.
You kill the goblin!
Things that are here:
a +0 dagger; a +0 club A rat and a jelly come into view.
The jelly barely misses you.
You slash the jelly!
Your hands burn!
The jelly is heavily wounded.
The jelly hits you.
You are splashed with acid!
The jelly hits you. The acid corrodes you!
You are splashed with acid.
* * * LOW HITPOINT WARNING * * *
You hit the jelly. The acid corrodes you!
Your hands burn!
You die...

#.# #.# #.# #.#
#.# #.# #.# #.#
#.# #.# #.# #r#
...#####.# #J#
.........#####@#
#######.......R#
#. #.######## #.
#.# #. #.# #.
#.# #. #.# #.
#.# #.#######.#


You could see the friendly Tochtli the ancestor, a jelly (ally target) and a
rat.

Vanquished Creatures
  An adder (D:2)
  A worm (D:2)
  An orc (D:3)
  3 bats
  2 endoplasms
  3 giant cockroaches
  9 goblins
  3 hobgoblins
  3 jackals (D:2)
  A quokka (D:2)
  2 ball pythons
  A frilled lizard (D:1)
  2 kobolds
  A rat (D:1)
33 creatures vanquished.

Vanquished Creatures (collateral kills)
  An orc (D:3)
  A goblin (D:3)
  A quokka (D:3)
3 creatures vanquished.

Grand Total: 36 creatures vanquished

Notes
Turn   | Place    | Note
-------+----------+-------------------------------------------
     0 | D:1      | Sabo the Gargoyle Fighter began the quest for the Orb.
     0 | D:1      | Reached XP level 1. HP: 14/14 MP: 1/1
   554 | D:1      | Reached XP level 2. HP: 19/19 MP: 2/2
  1444 | D:2      | Reached XP level 3. HP: 23/23 MP: 3/3
  1545 | D:2      | Identified the +2 rapier of the Glimmering Moth {spect,
                  | Int+9 Dex+2 Stlth-}
  2387 | D:2      | Found a glowing silver altar of Zin.
  2443 | D:2      | Found a faded altar of an unknown god.
  2516 | D:2      | Prayed at the altar of an unknown god.
  2516 | D:2      | Became a worshipper of Hepliaklqana the Forgotten
  2516 | D:2      | Reached * piety under Hepliaklqana
  2768 | D:3      | Splashed by a jelly's acid

Illustrated notes

Levels and vault maps discovered:
D:1:      scummos_arrival_simple_fountains, layout_rooms,
          kennysheep_pointless_box
D:2:      layout_basic, ebering_ecumenical_altar_mist, basic_altar,
          kennysheep_cross_room
D:3:      layout_loops_ring, nicolae_qazlal_eye_of_the_storm,
          minmay_fractal_squares_diagonal_5

Skill      XL: |  1  2 |
---------------+-------+-----
Axes           | 2 |  2.8
Fighting       | |  3.6
Armour         | |  3.8
Dodging        | |  0.3
Shields        | |  3.4

Action                   || total
-------------------------++-------
Melee: War axe           ||   125
  Use: Scroll            ||     3
Armor: Scale mail        ||    82
Dodge: Dodged            ||    61
Block: Buckler           ||    20
